 Dungeon Crawl Stone Soup version 0.28-a0-1616-g050a50673c (webtiles) character file.

Game seed: 1738025347949993878

3545 Peloso the Carver (level 9, -9/81 HPs)
             Began as a Minotaur Fighter on Jan 22, 2022.
             Was a Believer of Okawaru.
             Mangled by an orc warrior (23 damage)
             ... in a bailey.
             The game lasted 00:13:28 (7907 turns).

Peloso the Carver (Minotaur Fighter)                Turns: 7907, Time: 00:13:32

Health: -9/81      AC: 21    Str: 22    XL:     9   Next: 83%
Magic:  6/8        EV:  7    Int:  5    God:    Okawaru [**....]
Gold:   407        SH:  5    Dex: 13    Spells: 8/8 levels left

rFire   . . .      SeeInvis .   A - +0 falchion (vorpal)
rCold   . . .      Faith    .   c - +0 buckler
rNeg    . . .      Spirit   .   e - +0 plate armour
rPois   .          Reflect  .   x - +2 hat
rElec   .          Harm     .   w - +2 cloak
rCorr   .          Rampage  .   E - +0 pair of gloves
Will    .....                   (no boots)
Stlth   ..........              (no amulet)
HPRegen 0.23/turn               o - +4 ring of slaying
MPRegen 0.11/turn               (no ring)

@: mighty
A: horns 2, retaliatory headbutt
a: Renounce Religion, Heroism


You were in a bailey.
You worshipped Okawaru.
Okawaru was pleased with you.
You visited 1 branch of the dungeon, and saw 7 of its levels.
You also visited: Bailey.

You collected 407 gold pieces.

Inventory:

Hand Weapons
 a - a +0 long sword
 A - a +0 vorpal falchion (weapon)
Armour
 b - a +0 scale mail
 c - a +0 buckler (worn)
 e - a +0 plate armour (worn)
 j - a scarf of repulsion
 m - a +0 chain mail
 w - a +2 cloak (worn)
 x - a +2 hat (worn)
 B - a +2 leather armour of cold resistance
 E - a +0 pair of gloves (worn)
Jewellery
 o - a +4 ring of slaying (left hand)
 v - a ring of ice
Wands
 k - a wand of mindburst (13)
 r - a wand of polymorph (6)
 F - a wand of acid (11)
Scrolls
 g - a scroll of enchant armour
 n - a scroll of enchant weapon
 y - a scroll of fog {unknown}
 z - 2 scrolls of holy word
 D - a scroll of amnesia
Potions
 h - a potion of ambrosia {unknown}
 l - 2 potions of cancellation
 p - a potion of degeneration {unknown}
 q - a potion of invisibility {unknown}
 s - a potion of berserk rage {unknown}
 t - a potion of lignification {unknown}
 u - a potion of curing
 C - a potion of flight {unknown}


   Skills:
 + Level 8.2 Fighting
 + Level 10.5 Long Blades
 + Level 9.8 Armour
 + Level 2.7 Dodging
 + Level 1.6 Stealth
 + Level 6.1 Shields
 + Level 0.1 Invocations


You had 8 spell levels left.
You didn't know any spells.
Your spell library contained the following spells:

 Spells                   Type           Power      Damage    Failure   Level
 Apportation              Tloc           0%         N/A       100%        1
 Magic Dart               Conj           0%         1d3       100%        1
 Mephitic Cloud           Conj/Pois/Air  0%         N/A       100%        3
 Animate Skeleton         Necr           Unusable   N/A       N/A         1
 Summon Small Mammal      Summ           Unusable   N/A       N/A         1
 Call Imp                 Summ           Unusable   N/A       N/A         2
 Animate Dead             Necr           Unusable   N/A       N/A         4
 Haunt                    Necr/Summ      Unusable   N/A       N/A         7
 Infestation              Necr           Unusable   N/A       N/A         8

Dungeon Overview and Level Annotations

Branches:
Dungeon (7/15)             Temple (0/1) D:6          Bailey (1/1)

Altars:
Elyvilon
Hepliaklqana
Kikubaaqudgha
Makhleb
Okawaru
Xom
Zin
The Shining One

Shops:
D:6 *[[


Innate Abilities, Weirdness & Mutations

You have a pair of horns on your head.
You reflexively headbutt those who attack you in melee.


Message History

Unknown command.
You can't go up here!
Okay, then.
Unknown command.
You gain the combat prowess of a mighty hero.
The orc warrior shouts!
The orc hits you but does no damage. You block the orc warrior's attack.
You closely miss the orc. You headbutt the orc!
You kill the orc!
Okawaru accepts your kill.
Unknown command.
The orc warrior barely misses you.
There is a large open door here.
You barely miss the orc warrior.
The orc warrior hits you but does no damage.
An orc comes into view. It is wielding a +0 trident.
You closely miss the orc warrior. The orc warrior completely misses you.
You completely miss the orc warrior. Your headbutt misses the orc warrior.
You hit the orc warrior. Your headbutt misses the orc warrior.
The orc warrior is lightly wounded.
You block the orc warrior's attack. The orc warrior barely misses you.
You hit the orc warrior but do no damage.
The orc warrior is lightly wounded.
The orc warrior hits you from afar with a +0 trident!
* * * LOW HITPOINT WARNING * * *
You hit the orc warrior.
The orc warrior is moderately wounded.
You block the orc warrior's attack.
You slash the orc warrior!
The orc warrior is severely wounded.
You block the orc warrior's attack.
The orc warrior hits you with a +0 glaive!
* * * LOW HITPOINT WARNING * * *
You feel much better.
You feel like a meek peon again.
The orc warrior hits you but does no damage.
The orc hits you from afar with a +0 trident.
* * * LOW HITPOINT WARNING * * *
The orc warrior hits you with a +0 glaive!!
You die...

#.. #.. #.. # #.. .#
#..########..#
##..)8..).8...##
###...oo)o).)....#
##.#$.####oo####.$#♣♣♣♣#
#..####..@.....####..≈≈#
#...................≈≈≈#
#♣....♣...)........≈≈≈≈#
♣♣♣♣...#....#...≈≈≈≈≈≈#
#♣♣≈≈≈≈≈#....#≈≈≈≈≈≈≈≈≈
#≈≈≈≈≈≈≈#....#≈≈≈≈≈≈≈♣
#≈≈≈≈≈≈≈#....#≈≈≈≈≈≈.♣
#≈≈≈≈≈≈≈#....#≈≈≈≈...♣
#≈≈≈...!#....#......♣♣


You could see 2 orc warriors and an orc.

Vanquished Creatures
  An orc knight (Bailey)
  Eustachio (D:6)
  Edmund (D:6)
  A water moccasin (D:7)
  5 orc warriors
  2 ice beasts
  A black bear (D:5)
  4 ogres
  A centaur (D:4)
  2 phantoms
  A bullfrog (D:6)
  2 gnoll sergeants
  5 scorpions
  A wyvern skeleton (D:5)
  A water moccasin skeleton (D:6)
  6 hounds
  Crazy Yiuf (D:6)
  A jelly (D:5)
  A gnoll shaman (D:6)
  7 orc wizards
  An iguana (D:4)
  A howler monkey skeleton (D:7)
  14 gnolls
  6 adders
  A white imp (D:6)
  2 worms
  2 dart slugs (D:1)
  26 orcs
  7 bats
  5 endoplasms
  5 giant cockroaches
  10 goblins
  8 hobgoblins
  5 jackals
  2 quokkas
  7 ball pythons
  2 frilled lizards (D:1)
  7 kobolds
  5 rats
161 creatures vanquished.

Vanquished Creatures (others)
  An orc wizard (D:5)
  4 toadstools (D:1)
5 creatures vanquished.

Grand Total: 166 creatures vanquished

Notes
Turn   | Place    | Note
-------+----------+-------------------------------------------
     0 | D:1      | Peloso the Minotaur Fighter began the quest for the Orb.
     0 | D:1      | Reached XP level 1. HP: 19/19 MP: 0/0
   171 | D:1      | Reached XP level 2. HP: 27/27 MP: 1/1
   791 | D:1      | Reached XP level 3. HP: 25/30 MP: 2/2
  1202 | D:1      | Reached skill level 3 in Long Blades
  1360 | D:2      | Reached XP level 4. HP: 3/40 MP: 3/3
  1676 | D:2      | Found a faded altar of an unknown god.
  1890 | D:2      | Found a shimmering altar of Xom.
  2197 | D:3      | You fall into a shaft and drop 1 floor!
  2208 | D:4      | Reached skill level 4 in Long Blades
  2327 | D:4      | Noticed an ogre
  2328 | D:4      | Reached XP level 5. HP: 41/46 MP: 4/4
  2332 | D:4      | Killed an ogre
  2333 | D:4      | Reached skill level 5 in Armour
  2380 | D:4      | Noticed a centaur
  2394 | D:4      | Killed a centaur
  2395 | D:4      | Reached skill level 5 in Long Blades
  2395 | D:4      | Reached XP level 6. HP: 23/53 MP: 5/5
  3210 | D:4      | Reached skill level 6 in Long Blades
  3424 | D:4      | Reached skill level 5 in Fighting
  3424 | D:4      | Reached XP level 7. HP: 61/61 MP: 6/6
  4195 | D:3      | Found a white marble altar of Elyvilon.
  4195 | D:3      | Found a glowing golden altar of the Shining One.
  4195 | D:3      | Found a glowing silver altar of Zin.
  4348 | D:5      | Entered Level 5 of the Dungeon
  4352 | D:5      | Reached skill level 1 in Dodging
  4795 | D:5      | Reached skill level 7 in Long Blades
  4921 | D:5      | Reached XP level 8. HP: 69/69 MP: 7/7
  5048 | D:5      | Reached skill level 5 in Shields
  5528 | D:6      | Noticed Eustachio
  5575 | D:6      | Killed Eustachio
  5576 | D:6      | Reached skill level 8 in Long Blades
  5605 | D:6      | Found a faded altar of an unknown god.
  5605 | D:6      | Found a burning altar of Makhleb.
  5612 | D:6      | Found an iron altar of Okawaru.
  5614 | D:6      | Found a hazy altar of Hepliaklqana.
  5616 | D:6      | Found an ancient bone altar of Kikubaaqudgha.
  5619 | D:6      | Became a worshipper of Warmaster Okawaru
  5640 | D:6      | Reached skill level 1 in Stealth
  5640 | D:6      | Found Ymeghy's Armour Shop.
  6027 | D:6      | Found Piohoirph's Armour Shop.
  6147 | D:6      | Reached skill level 9 in Long Blades
  6248 | D:6      | Found Qufodokk's Assorted Antiques.
  6271 | D:6      | Noticed Edmund
  6273 | D:6      | Reached * piety under Okawaru
  6291 | D:6      | Reached XP level 9. HP: 77/79 MP: 8/8
  6303 | D:6      | Killed Edmund
  6777 | D:6      | Found a staircase to the Ecumenical Temple.
  7288 | D:6      | Found a runed translucent door.
  7289 | D:6      | Noticed Crazy Yiuf
  7296 | D:6      | Killed Crazy Yiuf
  7698 | D:7      | Found a flagged portal.
  7729 | Bailey   | Entered a bailey
  7764 | Bailey   | Reached skill level 10 in Long Blades
  7878 | Bailey   | Noticed an orc knight
  7894 | Bailey   | Killed an orc knight
  7894 | Bailey   | Reached ** piety under Okawaru
  7906 | Bailey   | HP: 2/81 [orc warrior (8)]
  7907 | Bailey   | Mangled by an orc warrior

Illustrated notes

Levels and vault maps discovered:
D:1:      dpeg_arrival_yet_another_circle, layout_basic,
          minmay_gold_behind_fungi, minmay_misc_feat_four_crosses,
          kennysheep_crisscross
D:2:      layout_rooms, ebering_ecumenical_altar_box, basic_altar,
          roderic_roman_lattice
D:3:      layout_basic, good_gods_mini_temple
D:4:      kennysheep_big_flooded_room, layout_basic, serial_glass,
          glass_columns_c, glass_columns_a, kennysheep_generic_room_16
D:5:      layout_basic, kennysheep_big_empty_room
D:6:      layout_basic, chequers_temple_overflow_minitemple,
          minmay_temple_entry_tees, serial_shops, nicolae_shop_crystal,
          nicolae_shop_statue_plus, nicolae_take_the_stairs, uniq_edmund,
          uniq_eustachio, uniq_crazy_yiuf_cottage
D:7:      layout_loops_cross, enter_bailey_5, solitary_fountain,
          uniq_prince_ribbit1
Bailey:   bailey_polearm_elven_captive_hellmonk, bailey

Skill      XL: |  1  2  3  4  5  6  7  8  9 |
---------------+----------------------------+-----
Armour         | 4 5 6 7 8 9 |  9.8
Fighting       | 4 5 7 8 |  8.2
Shields        | 4 5 6 |  6.1
Long Blades    | 3 4 5 6 7 9 10 | 10.5
Dodging        | 1 2 |  2.7
Stealth        | 1 |  1.6
Invocations    | |  0.1

Action                   |  1- 3 |  4- 6 |  7- 9 || total
-------------------------+-------+-------+-------++-------
Melee: Long sword        |    82 |   104 |    80 ||   266
       Headbutt          |    14 |    16 |    54 ||    84
       Falchion          |       |       |   176 ||   176
Invok: Heroism           |       |       |     2 ||     2
  Use: Potion            |       |     1 |     4 ||     5
       Scroll            |       |       |     8 ||     8
 Stab: Invisible         |       |       |     2 ||     2
Armor: Scale mail        |    44 |     9 |       ||    53
       Chain mail        |       |    49 |   170 ||   219
       Plate armour      |       |       |    13 ||    13
Dodge: Dodged            |    50 |    36 |   114 ||   200
       Repelled          |       |     1 |       ||     1
Block: Buckler           |    26 |    23 |    76 ||   125

Table legend: (Time is in decaauts)
 A = Elapsed time spent in this place.
 B = Non-inter-level travel time spent in this place.
 C = Inter-level travel time spent in this place.
 D = Time resting spent in this place.
 E = Time spent auto-exploring this place.
 F = Levels seen in this place.
 G = Mean time per level.
                   A        B        C        D        E       F      G
               +--------+--------+--------+--------+--------+-----+--------+
         Total |   7936 |   7730 |    206 |    326 |   5777 |   8 |  992.0 |
       Dungeon |   7769 |   7563 |    206 |    326 |   5777 |   7 | 1109.9 |
        Bailey |    167 |    167 |      0 |      0 |      0 |   1 |  167.0 |
               +--------+--------+--------+--------+--------+-----+--------+

Top non-repeatable levels by time:
     D:6: 1823 daAuts
     D:4: 1706 daAuts
     D:5: 1364 daAuts
     D:1: 1243 daAuts
     D:2: 965 daAuts
     D:3: 482 daAuts
     D:7: 183 daAuts
  Bailey: 167 daAuts
